 Dungeon Sprint DCSS version 0.27.1 (webtiles) character file.

Game seed: 6977255012448829137

716 styxcanada the Unseen (level 7, -10/38 HPs)
             Began as a Spriggan Brigand on Sept 5, 2021.
             Was an Initiate of Gozag.
             Killed from afar by a burning bush (15 damage)
             ... with a puff of flame
             ... in the Dungeon (Sprint IV: "Fedhas' Mad Dash").
             The game lasted 00:02:37 (740 turns).

styxcanada the Unseen (Spriggan Brigand)             Turns: 740, Time: 00:02:38

Health: -10/38     AC:  4    Str:  7    XL:     7   Next: 41%
Magic:  5/8        EV: 22    Int: 12    God:    Gozag
Gold:   208        SH:  0    Dex: 19    Spells: 6/6 levels left

rFire    . . .     SeeInvis +   a - +2 dagger
rCold    . . .     Faith    .   (shield restricted)
rNeg     . . .     Spirit   .   b - +0 robe
rPois    .         Reflect  .   (helmet restricted)
rElec    .         Harm     .   o - +1 cloak {Stlth+}
rCorr    .         Rampage  .   (gloves unavailable)
Will     +....     NoTele   +   (boots unavailable)
Stlth    ++++++++..             j - amulet of invisibility {+Inv}
HPRegen  0.12/turn              (no ring)
MPRegen  0.11/turn              (no ring)

@: gold aura, very slightly contaminated, invisible, very quick
A: very small, no large weapons, unfitting armour, see invisible, speed 3
a: Renounce Religion, Evoke Invisibility, Potion Petition, Call Merchant, Bribe
Branch


You were in the Dungeon.
You worshipped Gozag.
Gozag was aware of your devotion.
You visited 1 branch You collected 422 gold pieces.
You spent 214 gold pieces at shops.

Inventory:

Hand Weapons
 a - a +2 dagger (weapon)
Missiles
 d - 18 poisoned darts (quivered)
 e - 6 curare-tipped darts
Armour
 b - a +0 robe (worn)
 c - a +0 cloak
 o - a +1 cloak of stealth (worn)
Jewellery
 j - the amulet of invisibility (around neck) {+Inv}
   (You found it in the Dungeon)

   [amulet of nothing]

   +Inv:      It lets you turn invisible.
Scrolls
 k - a scroll of blinking
 l - 2 scrolls of amnesia {unknown}
 m - a scroll of identify {unknown}
Potions
 f - a potion of curing
 g - a potion of heal wounds
 h - a potion of haste
 i - 2 potions of magic
 n - a potion of might {unknown}


   Skills:
 * Level 4.7 Fighting
 + Level 4.2 Short Blades
 + Level 3.1 Throwing
 * Level 7.5 Dodging
 * Level 19.1 Stealth
 + Level 4.5 Evocations


You had 6 spell levels left.
You didn't know any spells.
Your spell library was empty.

Dungeon Overview and Level Annotations

Branches:
Dungeon (1/1)

Altars:
Cheibriados
Dithmenos
Elyvilon
Gozag
Hepliaklqana
Kikubaaqudgha
Makhleb
Nemelex Xobeh
Okawaru
Qazlal
Ru
Sif Muna
Trog
Uskayaw
Vehumet
Wu Jian
Xom
Yredelemnul
Zin
The Shining One
Beogh
Jiyva
Lugonu

Shops:
D *[


Innate Abilities, Weirdness & Mutations

You are very small and have problems with some larger weapons.
You are too small for most types of armour.
You have supernaturally acute eyesight. (SInv)
You cover ground extremely quickly. (Speed+++)


Message History

You are very lightly contaminated with residual magic.
You open the door.
A wandering mushroom and a burning bush come into view.
Found a morningstar and 9 gold pieces.
A scorpion and a wandering mushroom come into view.
There is an open door here.
The burning bush throws fire at you. The puff of flame misses you.
You see here a +0 morningstar.
You hit the burning bush but do no damage.
The burning bush throws fire at you. The puff of flame hits you!
Unknown command.
The helpless wandering mushroom fails to defend itself.
You spit the wandering mushroom like a pig!!!!
You destroy the wandering mushroom!
Your Fighting skill increases to level 4!
Your Short Blades skill increases to level 4!
Your Dodging skill increases to level 6!
Your Stealth skill gained 2 levels and is now at level 17!
Your Evocations skill increases to level 3!
The helpless wandering mushroom fails to defend itself.
You skewer the wandering mushroom like a kebab!!!!
You destroy the wandering mushroom!
The burning bush throws fire at you. The puff of flame misses you.
Your Dodging skill increases to level 7!
Your Stealth skill gained 2 levels and is now at level 19!
Your Evocations skill increases to level 4!
You have reached level 7!
The burning bush throws fire at you. The puff of flame hits you!
* * * LOW HITPOINT WARNING * * *
The helpless scorpion fails to defend itself.
You spit the scorpion like a pig!!!!
You kill the scorpion!
The burning bush throws fire at you. The puff of flame hits you!
You die...
Your body crumbles into a pile of gold.

###################
_._.⌠.#..'.))#.$..#
._._..'..#...#.$@P+
_._...#..###'##.)$#
$$
._._..#..##∩∩.'..$#
_._.⌠.#############
####### $ $ $ $


You could see a burning bush.

Vanquished Creatures
  2 wandering mushrooms (D)
  3 scorpions (D)
  3 oklob saplings (D)
  2 spriggans (D)
  A river rat (D)
  A rat (D)
12 creatures vanquished.

Notes
Turn   | Place    | Note
-------+----------+-------------------------------------------
     0 | D        | styxcanada the Spriggan Brigand began the quest for the
                  | Orb.
     0 | D        | Reached XP level 1. HP: 10/10 MP: 2/2
     9 | D        | Reached skill level 8 in Stealth
     9 | D        | Reached XP level 2. HP: 12/15 MP: 3/3
    65 | D        | Noticed an oklob sapling
    71 | D        | Killed an oklob sapling
    72 | D        | Reached skill level 10 in Stealth
    72 | D        | Reached XP level 3. HP: 6/18 MP: 4/4
   103 | D        | Noticed a scorpion
   103 | D        | Found the amulet of invisibility {+Inv}
   105 | D        | Killed a scorpion
   106 | D        | Reached skill level 12 in Stealth
   106 | D        | Reached XP level 4. HP: 8/23 MP: 5/5
   319 | D        | Found an opulent altar of Gozag.
   319 | D        | Found a hazy altar of Hepliaklqana.
   319 | D        | Found a burning altar of Makhleb.
   319 | D        | Found a sparkling altar of Nemelex Xobeh.
   319 | D        | Found a snail-covered altar of Cheibriados.
   319 | D        | Found a sacrificial altar of Ru.
   319 | D        | Found a shimmering blue altar of Sif Muna.
   319 | D        | Found a shimmering altar of Xom.
   319 | D        | Found a basalt altar of Yredelemnul.
   320 | D        | Found a viscous altar of Jiyva.
   320 | D        | Found a bloodstained altar of Trog.
   320 | D        | Found an ornate altar of the Wu Jian Council.
   321 | D        | Found an iron altar of Okawaru.
   321 | D        | Found a shadowy altar of Dithmenos.
   321 | D        | Found a glowing silver altar of Zin.
   322 | D        | Found an ancient bone altar of Kikubaaqudgha.
   322 | D        | Found a hide-covered altar of Uskayaw.
   323 | D        | Found a stormy altar of Qazlal.
   323 | D        | Found a white marble altar of Elyvilon.
   323 | D        | Found a glowing golden altar of the Shining One.
   324 | D        | Became a worshipper of Gozag Ym Sagoz the Greedy
   325 | D        | Found a corrupted altar of Lugonu.
   325 | D        | Found a radiant altar of Vehumet.
   329 | D        | Reached skill level 13 in Stealth
   329 | D        | Reached XP level 5. HP: 28/28 MP: 3/6
   493 | D        | Reached skill level 5 in Dodging
   493 | D        | Reached skill level 14 in Stealth
   493 | D        | Reached skill level 1 in Evocations
   556 | D        | Reached skill level 15 in Stealth
   558 | D        | Reached XP level 6. HP: 33/33 MP: 4/7
   572 | D        | Found Vaiqon's Antique Armour Shop.
   572 | D        | Found Qidearam's General Store.
   578 | D        | Bought 4 curare-tipped darts for 24 gold pieces
   578 | D        | Bought 10 poisoned darts for 40 gold pieces
   579 | D        | Bought an embroidered cloak for 150 gold pieces
   732 | D        | Noticed a burning bush
   732 | D        | Noticed a wandering mushroom
   733 | D        | Noticed a wandering mushroom
   737 | D        | Killed a wandering mushroom
   738 | D        | Reached skill level 17 in Stealth
   738 | D        | Killed a wandering mushroom
   739 | D        | Reached skill level 19 in Stealth
   739 | D        | Reached XP level 7. HP: 22/38 MP: 5/8
   740 | D        | Killed from afar by a burning bush

Illustrated notes

Levels and vault maps discovered:
D:        dungeon_sprint_fedhas [sprint_temple]

Skill      XL: |  1  2  3  4  5  6 |
---------------+-------------------+-----
Dodging        | 2 3 4 5 7 |  7.5
Stealth        | 8 10 12 13 15 19 | 19.1
Fighting       | 2 3 4 |  4.7
Short Blades   | 3 4 |  4.2
Evocations     | 2 4 |  4.5
Throwing       | 3 |  3.1

Action                   |  1- 3 |  4- 6 |  7- 9 || total
-------------------------+-------+-------+-------++-------
Melee: Dagger            |     7 |     8 |     1 ||    16
 Abil: Evoke Invisibilit |       |     4 |       ||     4
  Use: Potion            |     1 |       |       ||     1
 Stab: Sleeping          |     2 |     7 |     1 ||    10
Dodge: Dodged            |     1 |     2 |       ||     3
